 Dungeon Crawl Stone Soup version 0.31-a0-940-gdaa99269f9 (webtiles) character file.

Game seed: 10320927595707496399

37 CowFu the Magician (level 3, -5/25 HPs)
             Began as a Djinni Fire Elementalist on Oct 21, 2023.
             Slain by an orc
             ... wielding a +2 whip of electrocution
              (6 damage)
             ... on level 3 of the Dungeon.
             The game lasted 00:01:15 (1398 turns).

CowFu the Magician (Djinni Fire Elementalist)       Turns: 1398, Time: 00:01:15

Health: -5/25      AC:  3    Str:  7    XL:     3   Next: 60%
Gold:   79         EV: 13    Int: 18    God:
                   SH:  0    Dex: 13

rFire   + + .        (no weapon)
rCold   x . .        (no shield)
rNeg    . . .        a - +0 robe
rPois   ∞            (no helmet)
rElec   .            (no cloak)
rCorr   .            o - +0 pair of gloves
SInv    .            (boots unavailable)
Will    .....        (no amulet)
Stlth   ++           (no ring)
HPRegen 0.24/turn    (no ring)
MPRegen 0.00/turn

%: infuse magic (-6 HP)
@: flying
A: sickness immunity, fire resistance 2, cold vulnerability 1, float, innate
caster, HP casting, extra vitality 1
a: no special abilities


You were on level 3 of the Dungeon.
You visited 1 branch of the dungeon, and saw 3 of its levels.

You collected 79 gold pieces.

Inventory:

Armour
 a - a +0 robe (worn)
 o - a +0 pair of gloves (worn)
Scrolls
 b - a scroll of fear {unknown}
 c - 3 scrolls of identify {unknown}
 f - 3 scrolls of vulnerability {unknown}
 i - a scroll of revelation {unknown}
 k - a scroll of blinking {unknown}
 l - a scroll of amnesia {unknown}
 m - 2 scrolls of enchant armour {unknown}
Potions
 d - a potion of curing {unknown}
 e - 2 potions of might {unknown}
 g - a potion of enlightenment {unknown}
 h - a potion of lignification {unknown}
 j - a potion of cancellation {unknown}
 n - a potion of invisibility {unknown}


   Skills:
 + Level 3.2 Dodging
 - Level 1.5 Stealth
 + Level 3.4 Spellcasting
 + Level 3.4 Conjurations
 + Level 3.4 Hexes
 + Level 3.4 Summonings
 + Level 3.4 Necromancy
 + Level 3.4 Translocations
 + Level 3.4 Transmutations
 + Level 3.4 Fire Magic
 + Level 3.4 Ice Magic
 + Level 3.4 Air Magic
 + Level 3.4 Earth Magic
 + Level 3.4 Poison Magic


You knew the following spells:

 Your Spells              Type           Power      Damage    Failure   Level
a - Foxfire               Conj/Fire      60%        2x1d7     3%          1
b - Scorch                Fire           30%        2d6       6%          2
c - Volatile Blastmotes   Fire/Tloc      30%        2d12      12%         3
d - Inner Flame           Hex/Fire       15%        N/A       12%         3
e - Flame Wave            Conj/Fire      15%        2d7       36%         4
f - Kiss of Death         Conj/Necr      60%        2d10      3%          1
Your spell library was empty.

Dungeon Overview and Level Annotations

Branches:
Dungeon (3/15)

Altars:


Innate Abilities, Weirdness & Mutations

You are immune to sickness and miasma.
You are immune to poison.
Your flesh is very heat resistant. (rF++)
You are vulnerable to cold. (rC-)
You float through the air rather than walking.
You learn spells naturally, not from books.
Your magical power is your life essence.
You have superior vitality. (+4 MHP)


Message History

You see here a +0 robe.
Done exploring.
Done exploring.
Done exploring.
Done exploring.
There is an escape hatch in the floor here.
You fly downwards.
The hatch slams shut behind you.
You hear the sound of rushing water.
There is an entrance to a sewer on this level.
Hurry and find it before the portal rusts away!
There are monsters nearby!
You conjure some foxfire!
The orc shouts!
The orc hits you with a +0 short sword.
You conjure some foxfire!
The foxfire hits the orc!
You kill the orc!
The foxfire hits the orc.
The orc is moderately wounded.
The foxfire hits the orc.
The orc is moderately wounded.
You conjure some foxfire!
The orc hits you with a +2 whip of electrocution.
You conjure some foxfire!
The foxfire hits the orc.
The orc is heavily wounded.
The orc misses you.
The orc hits you with a +2 whip of electrocution.
You are electrocuted!
* * * LOW HITPOINT WARNING * * *
You are too injured to fight recklessly!
Your foxfire dissipates!
The foxfire hits the orc.
The orc is severely wounded.
The orc attacks as it pursues you! The orc hits you with a +0 falchion.
* * * LOW HITPOINT WARNING * * *
You see here a +0 short sword.
Casting: Foxfire (safe; 3% risk of failure)
Confirm with . or Enter, or press ? or * to list all spells.
You don't have enough health to cast this spell.
The orc attacks as it pursues you!
The orc hits you with a +2 whip of electrocution.
You die...

.# ..
.# #
.# #.
.#
#.##.#
#....#
#@.#
#o.##
#o..#
#...#
#...#
#...#
#...#
#...#
#...#


You could see 2 orcs.

Vanquished Creatures
  An orc (D:3)
  5 ball pythons
  6 bats
  An endoplasm (D:1)
  2 giant cockroaches
  7 goblins
  2 hobgoblins (D:2)
  A quokka (D:1)
  3 kobolds (D:1)
  3 rats
31 creatures vanquished.

Vanquished Creatures (others)
  164 foxfires
164 creatures vanquished.

Grand Total: 195 creatures vanquished

Notes
Turn   | Place    | Note
-------+----------+-------------------------------------------
     0 | D:1      | CowFu the Djinni Fire Elementalist began the quest for the
                  | Orb.
     0 | D:1      | CowFu set off with the following spells memorised: Foxfire,
                  | Scorch, Volatile Blastmotes, Inner Flame, Flame Wave.
     0 | D:1      | Reached XP level 1. HP: 15/15 MP: 0/0
    92 | D:1      | Reached XP level 2. HP: 17/21 MP: 0/0
   544 | D:1      | Reached XP level 3. HP: 21/25 MP: 0/0
   544 | D:1      | Learned a level 1 spell: Kiss of Death
  1397 | D:3      | HP: 1/25 [orc/+0 falchion (1)]
  1398 | D:3      | Slain by an orc

Illustrated notes

Levels and vault maps discovered:
D:1:      matt_arrival_refuge, layout_rooms
D:2:      layout_basic
D:3:      layout_rooms, portal_sewer_entry_b, serial_shops,
          nicolae_shop_advertising_works [nicolae_subvault_shop_adworks],
          minmay_close_crescents

Skill      XL: |  1  2  3 |
---------------+----------+-----
Spellcasting   | |  3.4
Conjurations   | |  3.4
Hexes          | |  3.4
Summonings     | |  3.4
Necromancy     | |  3.4
Translocations | |  3.4
Transmutations | |  3.4
Fire Magic     | |  3.4
Ice Magic      | |  3.4
Air Magic      | |  3.4
Earth Magic    | |  3.4
Poison Magic   | |  3.4
Dodging        | 3 |  3.2
Stealth        | |  1.5

Action                     || total
---------------------------++-------
  Melee: Unarmed           ||    24
   Cast: Foxfire           ||   108
   Stab: Sleeping          ||     1
 Armour: Robe              ||    26
  Dodge: Dodged            ||    18

Table legend: (Time is in decaauts)
 A = Elapsed time spent in this place.
 B = Non-inter-level travel time spent in this place.
 C = Inter-level travel time spent in this place.
 D = Time resting spent in this place.
 E = Time spent auto-exploring this place.
 F = Levels seen in this place.
 G = Mean time per level.
                   A        B        C        D        E       F      G
               +--------+--------+--------+--------+--------+-----+--------+
         Total |   1397 |   1331 |     66 |      0 |   1098 |   3 |  465.7 |
       Dungeon |   1397 |   1331 |     66 |      0 |   1098 |   3 |  465.7 |
               +--------+--------+--------+--------+--------+-----+--------+

Top non-repeatable levels by time:
     D:2: 719 daAuts
     D:1: 672 daAuts
     D:3: 5 daAuts
